 Dungeon Crawl Stone Soup version 0.20.1-1-g8b1a95d (webtiles) character file.

103 Thjof the Sneak (level 5, -1/42 HPs)
             Began as a Human Wanderer on Nov 13, 2017.
             Killed from afar by Sigmund (9 damage)
             ... with a magic dart
             ... on level 2 of the Dungeon.
             The game lasted 00:23:26 (1620 turns).

Thjof the Sneak (Human Wanderer)                    Turns: 1620, Time: 00:23:26

Health: -1/42      AC:  9    Str: 13    XL:     5   Next: 6%
Magic:  5/5        EV: 10    Int: 12    God:
Gold:   66         SH:  0    Dex: 13    Spells: 4/4 levels left

rFire    . . .     SeeInvis .   b - +0 quarterstaff
rCold    + . .     Gourm    .   (shield currently unavailable)
rNeg     . . .     Faith    .   v - +4 ring mail {rC+}
rPois    .         Spirit   .   (no helmet)
rElec    .         Reflect  .   (no cloak)
rCorr    .         Harm     .   (no gloves)
MR       .....                  (no boots)
Stlth    ++........             (no amulet)
Regen    0.2/turn               E - ring of wizardry
MPRegen  0.1/turn               (no ring)

@: no status effects
A: no striking features
a: no special abilities


You were on level 2 of the Dungeon.
You were not hungry.

You visited 1 branch of the dungeon, and saw 2 of its levels.

You collected 66 gold pieces.

Inventory:

Hand Weapons
 a - a +2 dagger
 b - a +0 quarterstaff (weapon)
 x - a +0 hunting sling
Missiles
 t - 25 stones (quivered)
 y - 8 sling bullets
Armour
 n - a +0 ring mail
 v - a +4 ring mail of cold resistance (worn)
 C - a +1 robe of fire resistance
Jewellery
 E - a ring of wizardry (left hand)
Scrolls
 c - a scroll of teleportation
 e - a scroll of remove curse
 o - a scroll of amnesia
 u - a scroll of fog
 H - a scroll of identify
Potions
 D - a potion of cancellation
Comestibles
 f - 2 bread rations
 g - 2 chunks of flesh
 m - 2 royal jellies
 s - 2 meat rations


   Skills:
 + Level 3.8 Fighting
 + Level 1.1 Short Blades
 + Level 2.0 Staves
 + Level 1.1 Armour
 + Level 1.2 Dodging
 + Level 4.9 Stealth


You had 4 spell levels left.
You didn't know any spells.

Dungeon Overview and Level Annotations

Branches:
Dungeon (2/15)

Altars:

Annotations:
D:2 Sigmund


Message History

Sigmund screams, "Die, monster!"
Sigmund points at you and mumbles some strange words.
You are confused.
You bump into the rock wall.
Sigmund closely misses you.
You barely miss Sigmund.
Sigmund is severely wounded.
Sigmund misses you.
You're too confused to move!
You hit Sigmund but do no damage.
Sigmund is severely wounded.
Sigmund flickers, as though insubstantial.
Sigmund closely misses you.
Sigmund hits you from afar with a scythe.
* * * LOW HITPOINT WARNING * * *
You bump into the rock wall.
You bump into the rock wall.
You feel less confused. Sigmund casts a spell at you. The magic dart hits you!
You die...

#......................######.#
#.#..................#...# #.#
#.#..................###.####.#
#.#..................# #...##.#
#.#..................#####..#..
#.#........####................
#.#.......)# #.(##########....
#.########## ##..# #.... #..#
#@..##### ###.. ##.# #)#.†...#
### #.# #####@#####.## #.##
#......§§##§§# #..#
#........###.### ##.#
#........§@§...# #.#
#.....<..##.##.####### #.#
#........##..........# #.#
################.###..


You could see Sigmund.

Vanquished Creatures
  Natasha (twice) (D:2)
  An adder (D:2)
  A worm (D:2)
  2 dart slugs
  2 leopard geckos (D:1)
  4 giant cockroaches
  6 goblins
  4 hobgoblins
  A ball python (D:1)
  5 bats
  3 frilled lizards
  4 kobolds
  A rat (D:2)
36 creatures vanquished.

Notes
Turn   | Place    | Note
-------+----------+-------------------------------------------
     0 | D:1      | Thjof the Human Wanderer began the quest for the Orb.
     0 | D:1      | Thjof set off with: a +2 dagger, a potion of haste, a scroll of teleportation, a +0 quarterstaff, a +0 robe, a bread ration
     0 | D:1      | Reached XP level 1. HP: 18/18 MP: 1/1
    89 | D:1      | Reached XP level 2. HP: 19/24 MP: 2/2
   557 | D:1      | Reached XP level 3. HP: 29/29 MP: 3/3
  1308 | D:2      | Noticed Natasha
  1319 | D:2      | Reached XP level 4. HP: 30/36 MP: 4/4
  1435 | D:2      | Killed Natasha
  1445 | D:2      | Noticed Sigmund
  1565 | D:2      | Noticed Natasha
  1575 | D:2      | Killed Natasha
  1575 | D:2      | Reached skill level 1 in Armour
  1575 | D:2      | Reached XP level 5. HP: 25/42 MP: 5/5
  1620 | D:2      | Killed from afar by Sigmund

Skill      XL: |  1  2  3  4 |
---------------+-------------+-----
Staves         | 2 |  2.0
Armour         | 1 |  1.1
Fighting       | |  3.8
Short Blades   | |  1.1
Dodging        | |  1.2
Stealth        | |  4.9

Action                   |  1- 3 |  4- 6 || total
-------------------------+-------+-------++-------
Melee: Quarterstaff      |    83 |    36 ||   119
       Dagger            |    25 |     2 ||    27
 Fire: Hunting sling     |    11 |       ||    11
Throw: Stone             |    11 |     1 ||    12
  Use: Scroll            |     4 |     8 ||    12
       Potion            |       |     5 ||     5
 Stab: Sleeping          |     4 |       ||     4
  Eat: Chunk             |     1 |     1 ||     2
Armor: Robe              |     1 |       ||     1
       Ring mail         |    50 |    13 ||    63
Dodge: Dodged            |    67 |    24 ||    91
